 Dungeon Crawl Stone Soup version 0.28-a0-46-g7b1be97da7 (webtiles) character file.

Game seed: 18446721822169780249

142 dmks the Sneak (level 5, -7/35 HPs)
             Began as a Djinni Fire Elementalist on July 30, 2021.
             Mangled by Crazy Yiuf (11 damage)
             ... on level 2 of the Dungeon.
             The game lasted 00:08:27 (3759 turns).

dmks the Sneak (Djinni Fire Elementalist)           Turns: 3759, Time: 00:08:27

Health: -7/35      AC:  2    Str:  7    XL:     5   Next: 49%
Gold:   43         EV: 13    Int: 18    God:
                   SH:  0    Dex: 13

rFire   + + .      SeeInvis .   (no weapon)
rCold   x . .      Faith    .   (no shield)
rNeg    . . .      Spirit   .   a - +0 robe
rPois   ∞          Reflect  .   (no helmet)
rElec   .          Harm     .   (no cloak)
rCorr   .          Rampage  .   (no gloves)
Will    .....                   (boots unavailable)
Stlth   ++........              (no amulet)
HPRegen 0.11/turn               (no ring)
MPRegen 0.00/turn               (no ring)

@: flying, very slightly contaminated
A: sickness immunity, fire resistance 2, cold vulnerability 1, float, innate
caster, hp casting, extra vitality 1
a: no special abilities


You were on level 2 of the Dungeon.
You visited 1 branch of the dungeon, and saw 2 of its levels.

You collected 43 gold pieces.

Inventory:

Armour
 a - a +0 robe (worn)
Scrolls
 b - 2 scrolls of identify {@r1}
 d - a scroll of holy word


   Skills:
 + Level 3.3 Dodging
 * Level 3.5 Stealth
 + Level 3.0 Spellcasting


You couldn't memorise any spells.
You knew the following spells:

 Your Spells              Type           Power      Damage    Failure   Level
a - Foxfire               Conj/Fire      52%        2x1d6     4%          1
b - Inner Flame           Hex/Fire       13%        N/A       14%         3
c - Apportation           Tloc           26%        N/A       4%          1
d - Conjure Flame         Conj/Fire      13%        6-21      14%         3
e - Static Discharge      Conj/Air       13%        N/A       7%          2
q - Sticky Flame          Conj/Fire      13%        2d4       41%         4
x - Fireball              Conj/Fire      6%         3d5       77%         5
Your spell library was empty.

Dungeon Overview and Level Annotations

Branches:
Dungeon (2/15)

Altars:

Annotations:
D:2 Crazy Yiuf


Innate Abilities, Weirdness & Mutations

You are immune to sickness and miasma.
You are immune to poison.
Your flesh is very heat resistant. (rF++)
You are vulnerable to cold. (rC-)
You float through the air rather than walking.
You learn spells naturally, not from books.
Your magical power is your life essence.
You have superior vitality. (+4 HP)


Message History

You are struck by an arc of lightning.
* * * LOW HITPOINT WARNING * * *
The lightning grounds out.
* * * LOW HITPOINT WARNING * * *
Terence closely misses you.
Unknown command.
Terence is struck by an arc of lightning.
You kill Terence!
The lightning grounds out.
* * * LOW HITPOINT WARNING * * *
You start resting.
Things that are here:
a +0 falchion; a +0 scale mail Could not explore, unopened runed door.
You reach down and open the door.
You miscast Foxfire.
You are very lightly contaminated with residual magic.
Nothing appears to happen.
Crazy Yiuf shouts!
You hit the fungus.
The fungus begins to die.
Your magical contamination has completely faded away.
A nearby fungus withers and dies.
You miscast Foxfire.
You are very lightly contaminated with residual magic.
Nothing appears to happen.
Your magical contamination has completely faded away.
Crazy Yiuf says, "Trifle poople tea!"
Crazy Yiuf is struck by an arc of lightning.
You are struck by an arc of lightning.
The lightning grounds out.
Crazy Yiuf barely misses you.
Crazy Yiuf is struck by an arc of lightning.
You are struck by an arc of lightning.
The lightning grounds out.
Crazy Yiuf says, "Crazy?
Crazy!?
PORCUPINE!"
Crazy Yiuf barely misses you.
You miscast Static Discharge.
You are very lightly contaminated with residual magic.
Nothing appears to happen.
Crazy Yiuf grits, "Ghoul childish sing!"
Crazy Yiuf hits you with a +4 quarterstaff of chaos!
* * * LOW HITPOINT WARNING * * *
Crazy Yiuf freezes you.
* * * LOW HITPOINT WARNING * * *
Crazy Yiuf is struck by an arc of lightning.
You are struck by an arc of lightning.
* * * LOW HITPOINT WARNING * * *
The lightning grounds out.
* * * LOW HITPOINT WARNING * * *
Crazy Yiuf grits, "Snoogle sallow sallow!"
Crazy Yiuf hits you with a +4 quarterstaff of chaos!
You die...

#.)# #......).....# #..#
#........##.## #..#
#.).###..##.#
##..####)####.#####
##.............#
#(....###.############
#.....# #.# ##....#.###
#.....# #.#
##....P.#..##. ##...##
#@###....#P####g'. ##.##
#g##......## ###. #.#
#.###.##### #.# #.##...#
#.# #......# #)#
##.....######### #
#.######.............# #
#...............###..###
########....#.#.###.....


You could see Crazy Yiuf.

Vanquished Creatures
  Jessica (D:2)
  Terence (D:2)
  An orc wizard (D:2)
  2 adders (D:2)
  2 worms (D:2)
  3 orcs (D:2)
  4 ball pythons
  4 endoplasms
  A goblin (D:1)
  3 hobgoblins
  5 kobolds
  3 quokkas
  5 bats
  5 frilled lizards
  A rat (D:2)
41 creatures vanquished.

Vanquished Creatures (collateral kills)
  2 foxfires (D:1)
2 creatures vanquished.

Vanquished Creatures (others)
  196 foxfires
  3 fungi (D:2)
199 creatures vanquished.

Grand Total: 242 creatures vanquished

Notes
Turn   | Place    | Note
-------+----------+-------------------------------------------
     0 | D:1      | dmks the Djinni Fire Elementalist began the quest for the
                  | Orb.
     0 | D:1      | Reached XP level 1. HP: 15/15 MP: 0/0
   589 | D:1      | Reached XP level 2. HP: 20/21 MP: 0/0
   898 | D:1      | Found a faded altar of an unknown god.
  1819 | D:2      | Reached XP level 3. HP: 24/25 MP: 0/0
  1819 | D:2      | Learned a level 1 spell: Apportation
  2145 | D:2      | Noticed Jessica
  2154 | D:2      | Killed Jessica
  2155 | D:2      | Reached XP level 4. HP: 18/31 MP: 0/0
  2503 | D:2      | Noticed Terence
  2524 | D:2      | HP: 1/31 [Terence (5)]
  2814 | D:2      | Found a runed translucent door.
  2815 | D:2      | Noticed Crazy Yiuf
  2982 | D:2      | Reached XP level 5. HP: 32/35 MP: 0/0
  2982 | D:2      | Learned a level 2 spell: Static Discharge
  3500 | D:2      | Killed Terence
  3759 | D:2      | Mangled by Crazy Yiuf

Illustrated notes

Levels and vault maps discovered:
D:1:      nicolae_arrival_somewhat_less_tricky_arrival, layout_basic,
          shapermc_ecumenical_altar_rom_forum
D:2:      layout_loops_ring, grunt_decor_resistance, uniq_jessica,
          uniq_crazy_yiuf_cottage, uniq_terence

Skill      XL: |  1  2  3  4  5 |
---------------+----------------+-----
Stealth        | 2 3 |  3.5
Dodging        | 3 |  3.3
Spellcasting   | 3 |  3.0

Action                   |  1- 3 |  4- 6 || total
-------------------------+-------+-------++-------
Melee: Unarmed           |       |     1 ||     1
 Cast: Foxfire           |    79 |    49 ||   128
       Static Discharge  |       |     8 ||     8
  Use: Potion            |     1 |     1 ||     2
       Scroll            |       |     2 ||     2
Armor: Robe              |     2 |       ||     2
Dodge: Dodged            |     9 |    11 ||    20

Table legend: (Time is in decaauts)
 A = Elapsed time spent in this place.
 B = Non-inter-level travel time spent in this place.
 C = Inter-level travel time spent in this place.
 D = Time resting spent in this place.
 E = Time spent auto-exploring this place.
 F = Levels seen in this place.
 G = Mean time per level.
                   A        B        C        D        E       F      G
               +--------+--------+--------+--------+--------+-----+--------+
         Total |   3759 |   3707 |     52 |    794 |   2511 |   2 | 1879.5 |
       Dungeon |   3759 |   3707 |     52 |    794 |   2511 |   2 | 1879.5 |
               +--------+--------+--------+--------+--------+-----+--------+

Top non-repeatable levels by time:
     D:2: 1885 daAuts
     D:1: 1874 daAuts
